[Event "*** Titled Tuesday Blitz"]
[Site "Chess.com"]
[Date "2020.05.19"]
[Round "4"]
[White "Baronessa08"]
[Black "Xeniya2005"]
[Result "0-1"]
[WhiteElo "2435"]
[BlackElo "2286"]
[TimeControl "180+1"]
[EndTime "12:41:35 PDT"]
[Termination "Xeniya2005 won on time"]

1. c4 e5 2. g3 Nf6 3. Bg2 Nc6 4. Nc3 Bb4 5. Nd5 Bc5 6. e3 d6 7. Ne2 Nxd5 8. cxd5 Ne7 9. O-O O-O 10. d4 exd4 11. Nxd4 Nf5 12. Nxf5 Bxf5 13. b3 Qf6 14. Bd2 a5 15. Rc1 Rfe8 16. Bc3 Qe7 17. Re1 Be4 18. Bf1 Qd7 19. f3 Bg6 20. Bd4 Bxd4 21. Qxd4 f5 22. a4 Re7 23. Bb5 Qd8 24. Rc3 Be8 25.
Bd3 Bd7 26. Rec1 Rc8 27. Kf2 g6 28. Qa7 Qe8 29. Rxc7 Rxc7 30. Rxc7 Bc8 31. Rc3 Qd8 32. Qb8 Re8 33. Bb5 Rf8 34. Qc7 Qf6 35. Rc2 g5 36. Qc3 Qe7 37. Qxa5 f4 38. exf4 gxf4 39. Re2 Qf7 40. g4 Qf6 41. Qb6 Qh4+ 42. Kg1 Qf6 43. Bc4 Bxg4 44. fxg4 f3 45. Rf2 Qf4 46. Bf1 Qxg4+ 47.
Kh1 Qf4 48. Qxb7 Kh8 49. Qd7 Rg8 0-1

[Event "*** Titled Tuesday Blitz"]
[Site "Chess.com"]
[Date "2020.05.19"]
[Round "4"]
[White "KaterinaMiroshnik"]
[Black "IMRosen"]
[Result "0-1"]
[WhiteElo "2434"]
[BlackElo "2601"]
[TimeControl "180+1"]
[EndTime "12:41:36 PDT"]
[Termination "IMRosen won by checkmate"]

1. d4 d5 2. c4 e6 3. Nf3 Nf6 4. e3 c6 5. Bd3 a6 6. O-O Bd6 7. b3 Nbd7 8. Bb2 b5 9. Nbd2 Bb7 10. a4 bxc4 11. bxc4 O-O 12. Rb1 c5 13. cxd5 exd5 14. dxc5 Nxc5 15. Bf5 Qe7 16. Nd4 Rfe8 17. N2f3 Rad8 18.
Bc3 Nfe4 19. Ba5 Rb8 20. Qe2 g6 21. Bh3 f5 22. Rfc1 Nd7 23. Bxf5 gxf5 24. Nxf5 Qf6 25.
Nxd6 Qxd6 26. Bc7 Qg6 27. Nd4 Nc3 28. Qb2 Nxb1 29. Rxb1 Bc6 30. Bxb8 Rxb8 31. Nb3 Bxa4 32. Qa2 Bxb3 33. Rxb3 Rxb3 34. Qxb3 Qc6 35. h3 Nc5 36. Qc3 Qd6 37. Qd4 a5 38. Qg4+ Kf7 39. Qf5+ Kg7 40.
Qg5+ Kf8 41. Qf5+ Kg8 42. Qg4+ Kf8 43. Qh4 a4 44. Qxh7 Ne4 45. Qh8+ Ke7 46. Qg7+ Kd8 47. f3 Nc5 48. Qg8+ Kc7 49. Qa8 Qc6 50. Qa7+ Nb7 51. h4 Qc1+ 52. Kh2 Qc6 53. h5 Qd6+ 54. g3 a3 55. Qa4 Qc5 56. Qb3 Qb6 57. Qxd5 Qd6 58. Qc4+ Nc5 59. Qf7+ Kc6 60. Qc4 Qd2+ 61. Kh3 a2 62. Qg8 a1=Q 63. Qc8+ Kb6 64. Qb8+ Nb7 65. h6 Qh1+ 66. Kg4 Qxh6 67. Qf4 Qxf4+ 68. gxf4 Qd7+ 69.
f5 Nc5 70. e4 Nd3 71. Kg5 Qg7+ 72. Kh4 Ne5 73. f6 Nxf3+ 74. Kh5 Qg5# 0-1

[Event "*** Titled Tuesday Blitz"]
[Site "Chess.com"]
[Date "2020.05.19"]
[Round "4"]
[White "eightbyeightchess"]
[Black "Quattroporte300"]
[Result "0-1"]
[WhiteElo "2523"]
[BlackElo "2324"]
[TimeControl "180+1"]
[EndTime "12:41:36 PDT"]
[Termination "Quattroporte300 won by checkmate"]

1. e4 e5 2. Nf3 Nc6 3. Bb5 a6 4. Ba4 Nf6 5. d4 exd4 6. O-O Be7 7. Re1 b5 8. Bb3 d6 9. Bd5 Nxd5 10. exd5 Ne5 11. Nxd4 O-O 12. a4 b4 13. b3 Bg4 14. f3 Bh5 15. Bb2 Re8 16. Nd2 Bh4 17. Re2 Qg5 18. Kh1 Qh6 19. Ne4 Bg6 20. Qg1 f5 21.
Nd2 Bg5 22. Nf1 Nd7 23. Ng3 Rxe2 24. Ndxe2 Bf6 25. Bxf6 Nxf6 26. Nd4 Nxd5 27. Ndxf5 Bxf5 28. Nxf5 Qf6 29. Nd4 Re8 30. Rd1 c5 31. Nc6 Nc3 32. Re1 Rxe1 33. Qxe1 h6 34. h3 Qf7 35.
Nd8 Qf6 36. Nc6 Kh7 37. Nb8 Qg6 38. Nxa6 Qxc2 39. Nc7 Qxb3 40. a5 Qb1 41. Qxb1+ Nxb1 42. a6 Nd2 43. a7 b3 44. a8=Q b2 45. Qe8 b1=Q+ 46.
Kh2 Qf5 47. Ne6 Qe5+ 48. g3 Qe2+ 49. Kh1 Qf1+ 50. Kh2 Qf2+ 51. Kh1 Qxf3+ 52. Kg1 Qf1+ 53. Kh2 Nf3# 0-1

[Event "*** Titled Tuesday Blitz"]
[Site "Chess.com"]
[Date "2020.05.19"]
[Round "4"]
[White "chenxiaoyuer"]
[Black "stolencandy13"]
[Result "0-1"]
[WhiteElo "2293"]
[BlackElo "2560"]
[TimeControl "180+1"]
[EndTime "12:41:37 PDT"]
[Termination "stolencandy13 won by resignation"]

1. e4 c6 2. d4 d5 3. Nc3 dxe4 4. Nxe4 Bf5 5. Ng3 Bg6 6. h4 h6 7. Nf3 Nd7 8. h5 Bh7 9. Bd3 Bxd3 10. Qxd3 e6 11.
Bd2 Ngf6 12. O-O-O Be7 13. Ne4 Nxe4 14. Qxe4 Nf6 15. Qd3 O-O 16. g4 Nxg4 17. Rhg1 f5 18. Qe2 Kh8 19. Qxe6 Qd6 20. Rde1 Qxe6 21. Rxe6 Bf6 22.
Ne5 Rfe8 23. Rxe8+ Rxe8 24. Nxg4 fxg4 25. Rxg4 Rd8 26.
Be3 Rd5 27. Re4 Rxh5 28. Re8+ Kh7 29. Rb8 b6 30. Rc8 Rd5 31. c3 h5 32. Kd2 h4 33. Ke2 h3 34. Kf1 c5 35. Kg1 cxd4 36.
cxd4 Bxd4 37. Bxd4 Rxd4 38. Rc3 Rd1+ 39. Kh2 Rd2 40.
Rxh3+ Kg8 41. Ra3 a5 42. Rb3 Rxf2+ 43. Kg3 Rf6 44. Rb5 Kf7 45. b3 Ke7 46. a3 Kd7 47.
Rg5 g6 48. b4 axb4 49. axb4 Ke7 50. Rb5 Kf7 51. Kg4 Rd6 52. Rg5 Kf6 53. Rb5 Rd4+ 54. Kf3 Rd6 55. Kf4 Rc6 56. Ke4 g5 57. Rf5+ Kg6 58.
Rb5 Re6+ 59. Kd4 g4 60. Rd5 g3 61. Rd8 Re7 62. Rd6+ Kg5 63. Rd8 Rg7 64. Rg8 Rxg8 65. Kd5 g2 66. Kc6 g1=Q 0-1

[Event "*** Titled Tuesday Blitz"]
[Site "Chess.com"]
[Date "2020.05.19"]
[Round "4"]
[White "JustinWang1234"]
[Black "boasovietica"]
[Result "1/2-1/2"]
[WhiteElo "2572"]
[BlackElo "2397"]
[TimeControl "180+1"]
[EndTime "12:41:38 PDT"]
[Termination "Game drawn by agreement"]

1. d4 Nf6 2. c4 g6 3. Nc3 Bg7 4. e4 O-O 5. Nf3 d6 6. Be2 Bg4 7. Be3 Nfd7 8. h3 Bxf3 9. Bxf3 c5 10. d5 Na6 11. Bd2 Nc7 12. O-O a6 13. a4 b5 14.
cxb5 axb5 15. Nxb5 Nxb5 16. axb5 Bxb2 17. Rxa8 Qxa8 18. Qb3 Bd4 19. Rb1 Qb7 20. Bg4 Ne5 21.
Be2 Rc8 22. b6 c4 23. Qb5 Rb8 24. Bxc4 Qxb6 25. Qxb6 Bxb6 26. Ba2 Ba7 27. Rxb8+ Bxb8 28. Be3 Bc7 29. f4 Nd7 30. Kf2 Bb6 31. Bc4 Bxe3+ 32. Kxe3 f5 33. exf5 gxf5 34. Bd3 Nf6 35. Kd4 Nh5 36. Ke3 Nf6 37. Kd4 Nh5 38. Bxf5 Nxf4 39. Be4 Kg7 40. Ke3 Nh5 41. g4 Nf6 42. Bf3 Kg6 43.
Kf4 h6 44. h4 Nd7 45. Be4+ Kf6 46. g5+ hxg5+ 47. hxg5+ Kg7 48. Kf5 Nf8 49. Bd3 Kf7 50. Be2 Kg7 51. Bh5 Kg8 52. Be8 Kg7 53. Bh5 Kg8 54. Bd1 Kf7 55. Bh5+ Kg7 56. Be8 Kg8 57. Bb5 Kg7 58. Be8 Kg8 59. Bb5 1/2-1/2

[Event "*** Titled Tuesday Blitz"]
[Site "Chess.com"]
[Date "2020.05.19"]
[Round "4"]
[White "rogapa"]
[Black "promen1999"]
[Result "0-1"]
[WhiteElo "2692"]
[BlackElo "2895"]
[TimeControl "180+1"]
[EndTime "12:41:39 PDT"]
[Termination "promen1999 won on time"]

1. e4 e5 2. Nf3 Nc6 3. Bb5 a6 4.
Ba4 Nf6 5. O-O Be7 6. d3 b5 7. Bb3 d6 8. a3 O-O 9. Nc3 Bb7 10.
Ne2 Qd7 11. Ng3 Nd8 12. Nf5 Ne6 13. N3h4 d5 14. Nxe7+ Qxe7 15. Nf5 Qd7 16. f3 c5 17. Qe1 c4 18. Ba2 g6 19. exd5 Nd4 20. Nh6+ Kg7 21.
Qxe5 Qxd5 22. Ng4 Qxe5 23. Bh6+ Kg8 24. Nxe5 Rfe8 25. f4 Nxc2 26. Rac1 Ne3 27. Rfe1 Nxg2 28. Re2 Ng4 29. dxc4 Nxh6 30. Rxg2 Bxg2 31. Kxg2 bxc4 32. Bxc4 Re7 33. Nc6 Rc7 34. Bd5 Re8 35. Kf3 Kg7 36.
b4 Nf5 37. a4 Re3+ 38. Kf2 Rh3 39. b5 axb5 40. axb5 Rxh2+ 41. Kg1 Rb2 42. Bc4 Ne3 43. Bd3 Nd5 44. f5 Nf4 45. Bf1 Rb7 46. Rc5 Ne2+ 47.
Bxe2 Rxe2 48. Nd4 Rd2 49. Nf3 Rb2 50. Nd4 Rd7 51. Rc4 Rd5 52. fxg6 hxg6 53. Kf1 Rh5 54. Kg1 Re5 55. Kf1 Re4 0-1

[Event "*** Titled Tuesday Blitz"]
[Site "Chess.com"]
[Date "2020.05.19"]
[Round "4"]
[White "DonPreuss"]
[Black "Gvetadze"]
[Result "1-0"]
[WhiteElo "2206"]
[BlackElo "2392"]
[TimeControl "180+1"]
[EndTime "12:41:40 PDT"]
[Termination "DonPreuss won on time"]

1. d4 Nf6 2. Nc3 g6 3. e4 d6 4. f4 Bg7 5. Nf3 O-O 6. e5 Ne8 7. Bc4 c6 8. O-O d5 9. Bd3 Bg4 10. h3 Bxf3 11. Qxf3 e6 12. Ne2 Nd7 13. g4 f5 14. gxf5 exf5 15. Kh2 Nc7 16. Rg1 Ne6 17. c3 Kh8 18. Be3 Qb6 19. b3 Qd8 20. Rg2 Rf7 21. Kg1 Ndf8 22. Kf2 b6 23. Rag1 c5 24. Qg3 Rc8 25. h4 c4 26. bxc4 dxc4 27. Bb1 Qd5 28. h5 b5 29. Rh2 Kg8 30. Qh4 b4 31. hxg6 hxg6 32. Qh3 Qd7 33. Rxg6 Nxg6 34. Bxf5 Rxf5 35. Qxf5 Nef8 36. Qh5 bxc3 37. f5 Qf7 38. Kg1 c2 39. fxg6 Qxg6+ 40. Qxg6 Nxg6 41. Bc1 Rb8 42. Rh3 Rb1 43.
Rc3 Nf4 44. Nxf4 Rxc1+ 45. Kf2 Bh6 46. Ne2 Rh1 47. Rxc4 Rh2+ 48. Kf3 Rxe2 49. Kxe2 c1=Q 50. Rxc1 Bxc1 51. Kd3 Kf7 52. Ke4 Bb2 53. d5 Ke7 54.
Kf5 1-0

[Event "*** Titled Tuesday Blitz"]
[Site "Chess.com"]
[Date "2020.05.19"]
[Round "4"]
[White "tomozupan"]
[Black "zurzan"]
[Result "0-1"]
[WhiteElo "2194"]
[BlackElo "1906"]
[TimeControl "180+1"]
[EndTime "12:41:40 PDT"]
[Termination "zurzan won on time"]

1. d4 d6 2. c4 f5 3. Nc3 Nf6 4.
Bg5 Nbd7 5. e3 g6 6. Bd3 Bg7 7. h4 h6 8. Bf4 O-O 9. Qc2 e6 10.
O-O-O c6 11. e4 e5 12. dxe5 dxe5 13. Bd2 f4 14. g3 Ng4 15. Nh3 f3 16. c5 Qe7 17.
Bc4+ Kh7 18. Ng5+ Kh8 19. Be3 Nxe3 20. fxe3 Nf6 21. Rd6 Bg4 22. Ne6 Rfe8 23. Nxg7 Qxg7 24. Nd1 h5 25. Nf2 Rad8 26. Rhd1 Rxd6 27. cxd6 Rd8 28. Qb3 b5 29. Be6 a5 30. d7 a4 31. Qc3 Bxe6 32. Qxe5 Bxd7 33. Qd4 Re8 34. e5 Nd5 35. e4 Qh6+ 36. Kb1 Ne3 37. Qxd7 Rf8 38. Rd6 Ng4 39.
Nxg4 hxg4 40. Rf6 Rg8 41. e6 Qe3 42. e7 Qxe4+ 43. Kc1 Qe3+ 44. Kc2 Qe2+ 45. Kc3 Qe5+ 46. Kb4 Qxf6 47. e8=Q Rxe8 48. Qxe8+ Kg7 49. Qd7+ Qf7 50. Qd4+ Kh7 51. Qe5 f2 52. Qg5 f1=Q 53. Ka5 Qe1+ 54.
b4 c5 55. Qxc5 Qfe7 56. Qxb5 Q1e6 57. Kxa4 Qa7+ 0-1

[Event "*** Titled Tuesday Blitz"]
[Site "Chess.com"]
[Date "2020.05.19"]
[Round "4"]
[White "SanchezKelvin"]
[Black "velemajstor767276"]
[Result "1-0"]
[WhiteElo "2484"]
[BlackElo "2630"]
[TimeControl "180+1"]
[EndTime "12:41:41 PDT"]
[Termination "SanchezKelvin won on time"]

1. d4 Nf6 2. c4 e6 3. Nf3 c5 4. Nc3 cxd4 5. Nxd4 Bb4 6. Nc2 Be7 7. e4 d6 8. Be2 Nc6 9. O-O O-O 10. Be3 a6 11.
Nd4 Bd7 12. Qd2 Rc8 13. Rac1 Ne5 14. b3 Neg4 15. Bg5 h6 16. Bxg4 hxg5 17. Be2 g4 18. Rfd1 Qb6 19. Bf1 Qc5 20. Nde2 Qe5 21. Qd4 Bc6 22.
f3 gxf3 23. gxf3 Qh5 24. Bg2 Rfd8 25. Ng3 Qh6 26. Qd2 Qxd2 27. Rxd2 b5 28. cxb5 axb5 29. Rdc2 Bd7 30. Nd1 Rxc2 31. Rxc2 Ra8 32. f4 Ra7 33.
Bf3 Kf8 34. Ne3 Bd8 35. Kg2 Bb6 36. Nd1 Bc5 37. e5 Ne8 38. Ne4 Bb4 39. exd6 Nxd6 40.
Nc5 Be8 41. Nd3 Ba3 42. Ne3 Ke7 43. Bc6 g6 44. Bxe8 Kxe8 45. Kf3 Kd7 46. Ne5+ Ke8 47.
Nc6 Rc7 48. Nd4 Rb7 49. Rc6 Kd7 50. Ra6 Bc5 51. Ndc2 Rc7 52. b4 Bxe3 53. Nxe3 Rc3 54. Ke2 Nc4 55. Ra7+ Ke8 56. Ng4 Rc2+ 57. Kd3 Rd2+ 58.
Kc3 Re2 59. Kd3 Rd2+ 60. Kc3 Rg2 61. Ne5 Nxe5 62. fxe5 Rxh2 63. a4 1-0

[Event "*** Titled Tuesday Blitz"]
[Site "Chess.com"]
[Date "2020.05.19"]
[Round "4"]
[White "UmutErdemGunduz"]
[Black "marabu44"]
[Result "1-0"]
[WhiteElo "2461"]
[BlackElo "2285"]
[TimeControl "180+1"]
[EndTime "12:41:41 PDT"]
[Termination "UmutErdemGunduz won on time"]

1. e4 e5 2. Nf3 Nc6 3. Bb5 a6 4. Ba4 d6 5. O-O Bd7 6. c3 Nge7 7.
d4 Ng6 8. Re1 Be7 9. Nbd2 O-O 10. Nf1 Nh4 11. Nxh4 Bxh4 12. Ng3 Bg5 13. Bxg5 Qxg5 14.
d5 Nb8 15. Re3 Bxa4 16. Qxa4 g6 17. Qc4 Qe7 18. a4 Rc8 19. a5 Nd7 20. Nf1 Nf6 21.
h3 Nh5 22. g3 Rf8 23. Rf3 Rac8 24. Ne3 Kg7 25. Kg2 f6 26. h4 Rf7 27. b4 Qd7 28. Rb1 Qb5 29. Qxb5 axb5 30. Ra1 Ra8 31. Nc2 f5 32. exf5 gxf5 33. Na3 Re8 34. Nxb5 e4 35. Re3 f4 36. gxf4 Nxf4+ 37. Kf1 Nxd5 38.
Rg3+ Kh6 39. Kg1 e3 40. fxe3 Rxe3 41. Rxe3 Nxe3 42. Re1 Nf5 43. Re8 c6 44. Re6+ Kh5 45. Nxd6 Nxd6 46. Rxd6 Kxh4 47. a6 Kg3 48. a7 Rf8 49. Rd7 h6 50. Rxb7 Ra8 51. c4 h5 52.
b5 cxb5 53. cxb5 h4 54. Rg7+ Kh3 55. b6 Rg8 56. Kf2 Rxg7 57. a8=Q Rg3 58. Qh1+ Kg4 59. b7 h3 60. b8=Q Rg2+ 61. Qxg2+ hxg2 62. Kxg2 1-0

[Event "*** Titled Tuesday Blitz"]
[Site "Chess.com"]
[Date "2020.05.19"]
[Round "4"]
[White "dbrankovic68"]
[Black "PauloCesarCosta_sad"]
[Result "0-1"]
[WhiteElo "2338"]
[BlackElo "2211"]
[TimeControl "180+1"]
[EndTime "12:41:43 PDT"]
[Termination "PauloCesarCosta_sad won by resignation"]

1. e4 e6 2. d4 d5 3. Nd2 Nf6 4.
e5 Nfd7 5. Bd3 c5 6. c3 Nc6 7. Ne2 Qb6 8. Nf3 cxd4 9. cxd4 f6 10. exf6 Nxf6 11. O-O Bd6 12. Bf4 Bxf4 13. Nxf4 Qxb2 14. Re1 O-O 15. g3 Re8 16. Ne5 Nxd4 17. Rb1 Qxa2 18. Bxh7+ Nxh7 19. Qxd4 Qc2 20. Nfd3 Qc7 21. Re3 a5 22. h4 a4 23. Rf3 a3 24. Rf7 Re7 25.
Rxe7 Qxe7 26. Nb4 Nf6 27. f3 Qc7 28. Ra1 Nd7 29. Ned3 Qxg3+ 30. Kf1 Qxf3+ 31. Nf2 Ra4 32. Rc1 Ra8 33. Nd3 Qf6 34. Qxf6 Nxf6 35. Ra1 Bd7 36. Nc5 Bc8 37. Ke1 e5 38. Nfd3 Ne4 39. Nxe4 dxe4 40.
Nc5 Bf5 41. Kd2 Rc8 42. Nb3 Ra8 43. Nc5 b5 44. Nb3 b4 45. Ke3 Be6 46. Nc5 Bf7 47. Nxe4 b3 48. Nc3 b2 49. Rb1 a2 50. Nxa2 Rxa2 51. Ke4 Bb3 52. Kxe5 Bc2 53. Rf1 b1=Q 54. Rxb1 Bxb1 55. h5 Rh2 56. h6 Rxh6 57. Kf4 Ba2 58. Kg3 Bf7 59. Kf4 Ra6 60. Kg5 Kf8 0-1

[Event "*** Titled Tuesday Blitz"]
[Site "Chess.com"]
[Date "2020.05.19"]
[Round "4"]
[White "ChessQueen"]
[Black "MasterKroket"]
[Result "1/2-1/2"]
[WhiteElo "2598"]
[BlackElo "2400"]
[TimeControl "180+1"]
[EndTime "12:41:44 PDT"]
[Termination "Game drawn - insufficient material"]

1. e4 c5 2. c3 Nf6 3. e5 Nd5 4. d4 cxd4 5. Nf3 Nc6 6. cxd4 d6 7. Bc4 Nb6 8. Bb5 dxe5 9. Nxe5 Bd7 10. Nxd7 Qxd7 11. O-O e6 12. Nc3 Be7 13. Qf3 O-O 14.
Bxc6 Qxc6 15. Qxc6 bxc6 16. Be3 Nc4 17. Rac1 Nxb2 18.
Ne4 Nd3 19. Rxc6 Rfc8 20. Rxc8+ Rxc8 21. Rb1 Nb4 22. a4 f6 23. Kf1 Kf7 24. Ke2 Rc2+ 25. Bd2 Ke8 26. Nc3 a5 27. Kd1 Kd7 28. Be1 Kc6 29. Rxb4 Rxc3 30. Rb5 Rd3+ 31. Ke2 Rxd4 32. Rxa5 Re4+ 33. Kd3 Rxe1 34. Ra7 Kd6 35. Ra6+ Ke5 36.
Ra7 Bc5 37. Rxg7 Ra1 38. f3 Rxa4 39. Rxh7 Ra3+ 40. Kc4 Be3 41. Rh4 f5 42. Rh8 Ra2 43.
Kd3 Bc5 44. g3 Ra3+ 45. Kc4 Be7 46. f4+ Ke4 47. Rh6 Ra6 48. Kb5 Rd6 49. h4 Kf3 50. Rg6 Bd8 51. h5 Rd1 52. h6 Rh1 53.
Kc6 Ba5 54. Kd6 Bc3 55. Kxe6 Ke4 56. g4 fxg4 57. f5 Kf3 58. f6 Bxf6 59. Rxf6+ Ke2 60. Rg6 Kf3 61. Kf6 g3 62. Kg7 g2 63. h7 Rxh7+ 64.
Kxh7 Kf2 65. Rf6+ Ke1 66. Rg6 Kf1 67. Kg7 g1=Q 68. Rxg1+ Kxg1 1/2-1/2

[Event "*** Titled Tuesday Blitz"]
[Site "Chess.com"]
[Date "2020.05.19"]
[Round "4"]
[White "JLRHei"]
[Black "UCantHandleDenker"]
[Result "0-1"]
[WhiteElo "2333"]
[BlackElo "2570"]
[TimeControl "180+1"]
[EndTime "12:41:44 PDT"]
[Termination "UCantHandleDenker won by resignation"]

1. d4 Nf6 2. c4 g6 3. Nf3 Bg7 4. g3 O-O 5. Bg2 d6 6. O-O Nc6 7. Nc3 e5 8. d5 Ne7 9. e4 Nd7 10. Ne1 h6 11. Nd3 f5 12. f4 fxe4 13. Nxe4 Nf5 14. Kh1 a5 15. Bd2 b6 16. Bc3 Qe7 17. Qd2 exf4 18. Bxg7 Qxg7 19. Nxf4 Ne5 20. b3 Bd7 21.
Rae1 Rae8 22. Re2 Kh8 23. Rfe1 a4 24. Nf2 axb3 25. axb3 g5 26. Ne6 Bxe6 27. dxe6 Rxe6 28. Bd5 Re7 29. Ne4 Ng4 30. h3 Rxe4 31. Bxe4 Nxg3+ 32. Kg1 Nxe2+ 33. Rxe2 Ne5 34. Rf2 Rxf2 35. Qxf2 Qf7 36. Qe2 Qf4 37. Kg2 Kg7 38. Bb1 g4 39. Qc2 Qf3+ 40. Kg1 Qg3+ 41. Kh1 Qxh3+ 42. Kg1 Nf3+ 43.
Kf2 Qh2+ 44. Ke3 Qxc2 45. Bxc2 Ne5 46. Kf4 Kf6 47. Bd1 h5 48. Be2 Ng6+ 49. Ke4 Ne7 50.
Kf4 Ng6+ 51. Ke4 Kg5 52. b4 Ne5 53. Kd5 g3 54. c5 bxc5 55. Bf1 cxb4 0-1

[Event "*** Titled Tuesday Blitz"]
[Site "Chess.com"]
[Date "2020.05.19"]
[Round "4"]
[White "rakshi2005"]
[Black "OhanyanEminChess"]
[Result "0-1"]
[WhiteElo "2274"]
[BlackElo "2451"]
[TimeControl "180+1"]
[EndTime "12:41:45 PDT"]
[Termination "OhanyanEminChess won on time"]

1. e4 e5 2. Nf3 Nc6 3. Bc4 Nf6 4.
d4 exd4 5. O-O Nxe4 6. Re1 d5 7. Bxd5 Qxd5 8. Nc3 Qa5 9. Nxe4 Be6 10. Neg5 O-O-O 11. Nxe6 fxe6 12. Rxe6 Bd6 13. Qe1 Qh5 14. Bg5 Rde8 15.
Qe4 h6 16. Bd2 Rxe6 17. Qxe6+ Kd8 18. Re1 Re8 19. Qxe8+ Qxe8 20. Rxe8+ Kxe8 21. Kf1 Kd7 22. Ke2 Ke6 23. Kd3 Kd5 24. Nxd4 Nxd4 25. c4+ Ke6 26.
Kxd4 Bxh2 27. g3 Kf5 28. Ke3 Kg4 29. Ke2 h5 30. Be1 g5 31. Kf1 Kf3 32. Bd2 h4 33. Bxg5 hxg3 34. fxg3 Bxg3 35. b3 c6 36. Bf6 Ke3 37. Kg2 Bc7 38. Bg7 Kd3 39. Kf3 Kc2 40.
Ke2 Kb1 41. a4 Kc2 42. b4 Kb3 43. b5 Kxc4 44. bxc6 bxc6 45. Ke3 Kb4 46. Kd4 Bb6+ 47. Ke5 Kxa4 48. Kd6 c5 49. Kd5 Kb3 50. Ke4 c4 51.
Kf3 c3 52. Ke2 c2 53. Bh6 Kb2 54. Kd3 a5 55. Bd2 a4 56. Bc3+ Kb1 57. Bd2 a3 58. Kc3 a2 59. Kb3 a1=Q 60. Bc3 Qa2+ 61. Kb4 c1=Q 0-1

[Event "*** Titled Tuesday Blitz"]
[Site "Chess.com"]
[Date "2020.05.19"]
[Round "4"]
[White "Firouzja2003"]
[Black "bakki78"]
[Result "1-0"]
[WhiteElo "3173"]
[BlackElo "2750"]
[TimeControl "180+1"]
[EndTime "12:41:47 PDT"]
[Termination "Firouzja2003 won by resignation"]

1. e4 c5 2. Nf3 Nc6 3. Nc3 d6 4. d4 cxd4 5. Nxd4 Nf6 6. Bg5 e6 7. Qd2 a6 8. O-O-O Bd7 9. f3 h6 10. Be3 b5 11. Nxc6 Bxc6 12. Ne2 Qc7 13. Nd4 Bb7 14. Kb1 Rd8 15. g4 e5 16. Nf5 d5 17. exd5 Nxd5 18. Bd3 g6 19. Ng3 Nb4 20. Ne4 Be7 21. Qf2 Nd5 22. Bd2 Nf4 23. Bxf4 exf4 24. h4 O-O 25. h5 g5 26. Rhe1 Bxe4 27. Rxe4 Bf6 28. Qe2 Qc5 29. a3 a5 30. c3 Rb8 31.
Bc2 b4 32. Rc4 Qe3 33. Qxe3 fxe3 34. cxb4 axb4 35. axb4 Rfe8 36. Be4 Be5 37. Re1 Bf4 38. b5 Red8 39. Rb4 Rb6 40. Re2 Rdb8 41. Bd3 Rc8 42.
Rc2 Rd8 43. Be2 Rd2 44. Rxd2 exd2 45. Kc2 Kf8 46. Rd4 Ke7 47. Kb3 Rd6 48. Kc4 Rxd4+ 49.
Kxd4 Kd6 50. b3 f6 51. Ke4 Ke6 52. b4 Be5 53. Bd1 Bf4 54. Bb3+ Ke7 55. Kf5 Be3 56.
Kg6 Bd4 57. Kxh6 f5 58. Kxg5 fxg4 59. Kxg4 Be3 60. Kf5 Bh6 61. Bd1 Be3 62. Kg6 Kf8 63. h6 Bd4 64. h7 Ke7 65. f4 Bc3 66. f5 Bd4 67. b6 1-0

[Event "*** Titled Tuesday Blitz"]
[Site "Chess.com"]
[Date "2020.05.19"]
[Round "4"]
[White "124chess"]
[Black "MPGM"]
[Result "0-1"]
[WhiteElo "2749"]
[BlackElo "2525"]
[TimeControl "180+1"]
[EndTime "12:41:47 PDT"]
[Termination "MPGM won on time"]

1. d4 d5 2. Nf3 e6 3. Bf4 Bd6 4. Bg3 Nf6 5. e3 O-O 6. Nbd2 c5 7. c3 Qc7 8. Rc1 Nbd7 9. c4 b6 10. cxd5 exd5 11. Bd3 c4 12. Bb1 Re8 13. O-O Nf8 14. Ne5 Ng6 15. f4 b5 16. h4 h5 17. Ndf3 Ne4 18. Be1 Bxe5 19. dxe5 Qc5 20. Qd4 Bg4 21. Bxe4 Qxd4 22. Nxd4 dxe4 23. Nxb5 Red8 24. Nd6 f6 25. Bc3 fxe5 26. fxe5 Nxh4 27. Rf4 Ng6 28. Rxe4 Rd7 29. Rxc4 Be6 30. Rc5 Bxa2 31. b4 a6 32. Bd4 Nf8 33. Rc7 Be6 34. Rc8 Rxc8 35. Nxc8 Rb7 36. Nd6 Rxb4 37.
Rc7 Nd7 38. Ra7 Ra4 39. g3 Ra5 40. Kf2 Nxe5 41. Ke2 Ra2+ 42. Kd1 Bb3+ 43. Kc1 Nd3+ 44. Kb1 Re2 45. Rxg7+ Kf8 46. Bc3 Ba2+ 47. Ka1 Bb3 48. Rg5 Rc2 49. Bg7+ Ke7 50. Nf5+ Kf7 51. Bb2 Rxb2 52.
Nd6+ Ke6 53. Ne4 Ra2+ 54. Kb1 Rb2+ 55. Ka1 Rc2 56. Rg6+ Ke5 0-1

[Event "*** Titled Tuesday Blitz"]
[Site "Chess.com"]
[Date "2020.05.19"]
[Round "4"]
[White "2346PL"]
[Black "CakeinSpace2002"]
[Result "1-0"]
[WhiteElo "2415"]
[BlackElo "2211"]
[TimeControl "180+1"]
[EndTime "12:41:47 PDT"]
[Termination "2346PL won by resignation"]

1. d4 Nf6 2. Bg5 Ne4 3. Bf4 c5 4. dxc5 e6 5. Nd2 Nxc5 6. e4 Nc6 7. Ngf3 d6 8. Be2 Be7 9. O-O O-O 10. a3 b6 11. b4 Nd7 12. Nc4 e5 13. Bc1 Nf6 14. Bb2 Bb7 15. Bd3 Rc8 16. Re1 Re8 17. Ne3 Bf8 18.
c4 Ne7 19. Nd5 Nexd5 20. cxd5 g6 21. Qd2 Nh5 22. g3 Qf6 23. Be2 Rc7 24. h4 Rec8 25. Rac1 Qd8 26. Bf1 Nf6 27. Bd3 Bg7 28. a4 Nd7 29.
Kg2 Rxc1 30. Rxc1 a5 31. Ba3 axb4 32. Bxb4 Nc5 33. Bxc5 dxc5 34. Bb5 Qd6 35. Qe2 f5 36. Bc4 h6 37. Kh2 Kh7 38. h5 Rf8 39. hxg6+ Qxg6 40.
Nh4 Qg5 41. Rb1 f4 42. Nf5 Rxf5 43. exf5 Bc8 44. Bd3 Bxf5 45. d6 fxg3+ 46. fxg3 Kg8 47. Bxf5 Qxf5 48. Rd1 e4 49. d7 Bd4 50. d8=Q+ 1-0

[Event "*** Titled Tuesday Blitz"]
[Site "Chess.com"]
[Date "2020.05.19"]
[Round "4"]
[White "AndrewMaco"]
[Black "Too_Stupid_To_Play"]
[Result "0-1"]
[WhiteElo "2545"]
[BlackElo "2315"]
[TimeControl "180+1"]
[EndTime "12:41:48 PDT"]
[Termination "Too_Stupid_To_Play won by checkmate"]

1. e4 b6 2. d4 Bb7 3. Bd3 Nf6 4. Qe2 Nc6 5. c3 e5 6. Nf3 exd4 7. cxd4 Nb4 8. Nc3 Nxd3+ 9. Qxd3 Bb4 10. Nd2 Qe7 11. O-O O-O 12. f3 a5 13. Re1 Ba6 14. Qe3 Rfe8 15.
Nf1 c5 16. d5 c4 17. Kh1 d6 18. Qf2 Bxc3 19. bxc3 Nxd5 20. Ng3 Nxc3 21. Bb2 Na4 22. Bxg7 Qg5 23. Bd4 Nc5 24. Red1 Nd3 25. Qc2 b5 26. Nf5 d5 27. Ng3 Rad8 28. Bb6 Rc8 29. Bxa5 b4 30.
exd5 Nf4 31. Bb6 c3 32. Bd4 Be2 33. Rg1 Bd3 34. Qc1 h5 35. Be3 Rxe3 36. Qxe3 Kf8 37. Ne4 Bxe4 38. fxe4 Re8 39. g3 Ne6 40. Qxg5 Nxg5 41.
Rge1 Nf3 42. Re3 Nd2 43. Rc1 Nxe4 44. a3 b3 45. Kg2 b2 46. Rb1 Nd2 47. Ree1 Nxb1 48.
Rxb1 Re2+ 49. Kf3 Rc2 50. d6 Rc1 51. d7 Ke7 52. d8=Q+ Kxd8 53. Rxc1 bxc1=Q 54. a4 Qa3 55. a5 c2+ 56. Kf4 c1=Q+ 57. Kf5 Qac5+ 58. Kf6 Qh6+ 59.
Kxf7 Qcf8# 0-1

[Event "*** Titled Tuesday Blitz"]
[Site "Chess.com"]
[Date "2020.05.19"]
[Round "4"]
[White "Mirzaad786"]
[Black "TheFireChess"]
[Result "1-0"]
[WhiteElo "2264"]
[BlackElo "2422"]
[TimeControl "180+1"]
[EndTime "12:41:48 PDT"]
[Termination "Mirzaad786 won on time"]

1. d4 d6 2. Bf4 f5 3. c3 Nf6 4. Nf3 g6 5. e3 Bg7 6. Nbd2 c6 7. Bc4 b5 8. Bb3 a6 9. a4 bxa4 10. Rxa4 Ne4 11. Nxe4 fxe4 12. Nd2 d5 13. O-O Nd7 14. c4 e6 15. Qc2 O-O 16. cxd5 cxd5 17. Rc1 g5 18.
Bd6 Re8 19. Qc6 Ra7 20. Ra3 Nf6 21. Bc7 Qe7 22. Bd6 Qd8 23. Ba4 Bd7 24. Qc5 Ra8 25. Be5 Bxa4 26. Rxa4 Nd7 27. Qc7 Nxe5 28. dxe5 Rc8 29.
Qxc8 Qxc8 30. Rxc8 Rxc8 31. Rxa6 Rc1+ 32. Nf1 Bxe5 33. Rxe6 Bxh2+ 34. Kxh2 Rxf1 35. Kg3 Rb1 36. Re5 h6 37. Rxd5 Rxb2 38. Rd4 Kg7 39. Rxe4 Kg6 40. f4 gxf4+ 41. exf4 Rb3+ 42. Kh4 Rb6 43. g4 Ra6 44. f5+ Kg7 45. Re7+ Kg8 46. Rb7 Rc6 47. Kh5 Ra6 48. Re7 Rb6 49. Re6 Rb1 50. Kxh6 Kf7 51.
Ra6 Rc1 52. Kg5 Rb1 53. Ra7+ Kf8 54. Kg6 1-0

[Event "*** Titled Tuesday Blitz"]
[Site "Chess.com"]
[Date "2020.05.19"]
[Round "4"]
[White "Jenia84"]
[Black "26andrej26"]
[Result "0-1"]
[WhiteElo "2232"]
[BlackElo "2432"]
[TimeControl "180+1"]
[EndTime "12:41:48 PDT"]
[Termination "26andrej26 won on time"]

1. Nf3 Nf6 2. b3 g6 3. Bb2 Bg7 4. e3 O-O 5. Be2 d5 6. O-O c5 7. c4 d4 8. exd4 Ne8 9. Na3 cxd4 10. d3 Nc6 11. Nc2 e5 12. Ba3 Nd6 13. Nd2 Re8 14.
Bf3 f5 15. Bd5+ Nf7 16. f4 Be6 17. Bxe6 Rxe6 18. fxe5 Nfxe5 19. Nf3 Ng4 20. Re1 Ne3 21. Nxe3 dxe3 22. Rb1 Nd4 23. Nxd4 Bxd4 24. Re2 Qg5 25. Bb2 Rd8 26. b4 f4 27. Qf1 Qg4 28. Bxd4 Rxd4 29. Rb3 Red6 30. c5 R6d5 31. Re1 Rf5 32. Qf3 Qxf3 33.
gxf3 Rfd5 34. Rd1 Kf7 35. Kf1 Ke6 36. Ke2 Rh5 37. Rh1 Rh3 38. Rbb1 g5 39. a3 h5 40.
Rbf1 Kf5 41. b5 Ra4 42. c6 bxc6 43. bxc6 Rxa3 44. Rc1 Ra2+ 45. Ke1 Rxf3 46. c7 Kg4 47. c8=Q+ Kh4 48. Qf5 Rff2 49. Qe4 Rae2+ 50. Kd1 Rd2+ 51.
Ke1 Rde2+ 52. Kd1 a6 53. d4 Rd2+ 54. Ke1 Rde2+ 55. Kd1 Rd2+ 56. Ke1 a5 57. d5 Rde2+ 58. Kd1 Rd2+ 59. Ke1 g4 60. d6 a4 61. d7 Rfe2+ 0-1